 Dungeon Crawl Stone Soup version 0.31-a0-202-g547052bce9 (webtiles) character file.

Game seed: 6990574595109586209

1943 ptdevnull the Slicer (level 9, -2/58 (59) HPs)
             Began as a Kobold Berserker on June 26, 2023.
             Was an Elder of Trog.
             Slain by a wight
             ... wielding a +3 mace
              (18 damage)
             ... on level 6 of the Dungeon.
             The game lasted 00:11:23 (6831 turns).

ptdevnull the Slicer (Kobold Berserker)             Turns: 6831, Time: 00:11:23

HP:   -2/58 (59)    AC:  6    Str: 14    XL:     9   Next: 41%
MP:   9/9           EV: 17    Int: 15    God:    Trog [****..]
Gold: 180           SH:  0    Dex: 18    Spells: 8/8 levels left

rFire   . . .        z - +0 dagger (drain)
rCold   . . .        (no shield)
rNeg    + . .        F - +2 leather armour {rN+}
rPois   .            (no helmet)
rElec   .            l - scarf {harm}
rCorr   .            (no gloves)
SInv    .            e - +0 pair of boots
Will    .....        (no amulet)
Stlth   ++++         u - +6 ring of intelligence
HPRegen 0.29/turn    (no ring)
MPRegen 0.11/turn

%: harm (+30% outgoing, +20% incoming)
@: on berserk cooldown, lightly drained
A: small, no large weapons, nightstalker 3
a: Renounce Religion, Berserk, Trog's Hand, Brothers in Arms


You were on level 6 of the Dungeon.
You worshipped Trog.
Trog was greatly pleased with you.
You visited 1 branch of the dungeon, and saw 6 of its levels.
You also visited: Ossuary.

You collected 235 gold pieces.
You spent 55 gold pieces at shops.

Inventory:

Hand Weapons
 a - a +0 short sword
 z - a +0 dagger of draining (weapon)
Missiles
 d - 13 poisoned darts
Armour
 b - a +0 animal skin
 e - a +0 pair of boots (worn)
 l - a scarf of harm (worn)
 F - a +2 leather armour of positive energy (worn)
Jewellery
 n - a ring of ice
 u - a +6 ring of intelligence (left hand)
Wands
 C - a wand of charming (10)
 D - a wand of flame (11)
Scrolls
 c - a scroll of poison {unknown}
 f - 2 scrolls of amnesia
 g - 2 scrolls of enchant weapon
 i - a scroll of summoning
 k - a scroll of brand weapon {unknown}
 q - 4 scrolls of teleportation
 s - a scroll of immolation {unknown}
 x - 2 scrolls of fog
 y - a scroll of revelation
Potions
 h - 2 potions of degeneration
 j - 4 potions of curing
 m - a potion of lignification
 o - 2 potions of attraction
 p - a potion of invisibility
 r - 3 potions of heal wounds {unknown}
 t - a potion of enlightenment {unknown}
 v - 2 potions of might
 w - a potion of cancellation {unknown}
 A - a potion of ambrosia {unknown}
 B - 2 potions of resistance {unknown}
 E - 2 potions of haste {unknown}
 G - 2 potions of berserk rage {unknown}
 H - 2 potions of magic {unknown}
 I - a potion of brilliance {unknown}


   Skills:
 - Level 8.0 Fighting
 - Level 10.0 Short Blades
 - Level 1.5 Armour
 + Level 6.1 Dodging
 + Level 6.5 Stealth


You had 8 spell levels left.
You didn't know any spells.
Your spell library was empty.

Dungeon Overview and Level Annotations

Branches:
Dungeon (6/15)             Temple (0/1) D:5         Ossuary (visited)

Altars:
Gozag
Kikubaaqudgha
Uskayaw
The Shining One

Shops:
D:3 ?   D:5 *


Innate Abilities, Weirdness & Mutations

You are small and have problems with some larger weapons.
You are completely attuned to the shadows.


Message History

You destroy the wight!
Trog accepts your kill.
Calm down first, please.
You start resting.
You feel a strong urge to attack something.
You start resting.
You feel your anger nearly subside.
You are no longer berserk.
You are exhausted.
You feel yourself slow down.
You start resting.
A wight comes into view. It is wielding a +3 mace.
A wight is nearby!
You start resting.
A wight is nearby!
The wight completely misses you.
You hit the wight but do no damage. You closely miss the wight.
The wight hits you with a +3 mace.
You barely miss the wight.
You feel yourself speed up. The wight hits you with a +3 mace!
You are too injured to fight recklessly!
You are too injured to fight recklessly!
You hit the wight but do no damage. You barely miss the wight.
The wight hits you with a +3 mace!
You closely miss the wight. You completely miss the wight.
The wight hits you with a +3 mace.
* * * LOW HITPOINT WARNING * * *
You closely miss the wight. You hit the wight but do no damage.
The wight completely misses you.
You hit the wight.
The wight is lightly damaged.
You hit the wight but do no damage.
The wight is lightly damaged.
The wight closely misses you.
You closely miss the wight.
The wight is lightly damaged.
You hit the wight.
The wight is moderately damaged.
The wight hits you with a +3 mace!
You die...

#.*#...## *..z###'###.##
#.##...# *#.............
#.....#####).######..####
#..).## #....# ##.....
##)..## #....# ######
#.)).## #.##.# #.##..#
#.##.# #.###.####..#,#*
******** #.#
#..##@..#,,****,,,,,,,
###
##..z..##*,,**,*******
#....## ***,,** * ##..##
**** #### * ***
*********** *,*
********,,,,,,,,,, *,**
*,,,,,,,,,,,,,,,,, **,**
*,,******,,,,,,,,,


You could see a wight.

Vanquished Creatures
  Grinder (D:5)
  Prince Ribbit (D:5)
  Sigmund (D:5)
  A water moccasin (D:5)
  An ice beast (D:5)
  2 ogres (D:6)
  A centaur (D:6)
  A phantom (D:5)
  Blork the orc (D:6)
  A wight (D:6)
  3 centaur zombies (Ossuary)
  2 howler monkeys
  3 hounds (D:5)
  A jelly (D:5)
  An orc priest (D:5)
  A gnoll bouda (D:6)
  3 sleepcaps
  An iguana (D:5)
  An orc wizard (D:5)
  2 hound zombies (Ossuary)
  4 mummies
  3 gnolls (D:6)
  8 adders
  An ufetubus (D:2)
  5 adder zombies (Ossuary)
  A worm (D:3)
  A dart slug (D:3)
  16 orcs
  7 ball pythons
  5 endoplasms
  6 goblins
  6 hobgoblins
  3 jackals (D:3)
  A quokka (D:2)
  11 bats
  A frilled lizard (D:3)
  5 giant cockroaches
  4 gnoll zombies (Ossuary)
  3 goblin zombies (Ossuary)
  2 hobgoblin zombies (Ossuary)
  2 jackal zombies (Ossuary)
  7 kobolds
  5 kobold zombies (Ossuary)
  2 orc zombies
  4 quokka zombies (Ossuary)
  3 rats (D:1)
  4 rat zombies (Ossuary)
149 creatures vanquished.

Notes
Turn   | Place    | Note
-------+----------+-------------------------------------------
     0 | D:1      | ptdevnull the Kobold Berserker began the quest for the Orb.
     0 | D:1      | Reached XP level 1. HP: 14/14 MP: 1/1
   242 | D:1      | Reached XP level 2. HP: 19/19 MP: 2/2
   528 | D:1      | Reached XP level 3. HP: 23/24 MP: 3/3
   605 | D:1      | Reached skill level 5 in Short Blades
  1097 | D:2      | Reached ** piety under Trog
  1330 | D:2      | Found a faded altar of an unknown god.
  1346 | D:2      | Reached XP level 4. HP: 22/29 MP: 4/4
  1722 | D:3      | You fall into a shaft and drop 1 floor!
  1755 | D:4      | Found an ancient bone altar of Kikubaaqudgha.
  1931 | D:4      | Reached skill level 6 in Short Blades
  2030 | D:3      | Found a glowing golden altar of the Shining One.
  2315 | D:3      | Reached XP level 5. HP: 30/33 MP: 5/5
  2661 | D:3      | Found The Oracle's Delphic Readings.
  2666 | D:3      | Bought a scroll of teleportation for 33 gold pieces
  2666 | D:3      | Bought a scroll of identify for 22 gold pieces
  3597 | D:4      | Found a hide-covered altar of Uskayaw.
  3740 | D:5      | Entered Level 5 of the Dungeon
  3753 | D:5      | Found a staircase to the Ecumenical Temple.
  3774 | D:5      | Noticed a water moccasin
  3781 | D:5      | Killed a water moccasin
  3782 | D:5      | Reached skill level 5 in Fighting
  3782 | D:5      | Reached skill level 7 in Short Blades
  3782 | D:5      | Reached XP level 6. HP: 40/40 MP: 6/6
  4129 | D:5      | Reached skill level 8 in Short Blades
  4209 | D:5      | Reached *** piety under Trog
  4210 | D:5      | Reached XP level 7. HP: 41/44 MP: 7/7
  4233 | D:5      | Noticed Grinder
  4235 | D:5      | Noticed Prince Ribbit
  4240 | D:5      | Killed Grinder
  4241 | D:5      | Reached skill level 9 in Short Blades
  4247 | D:5      | Killed Prince Ribbit
  4248 | D:5      | Reached XP level 8. HP: 14/51 MP: 8/8
  4541 | D:5      | Reached skill level 10 in Short Blades
  4745 | D:5      | Found an opulent altar of Gozag.
  4749 | D:5      | Found Gozag's Platinum Reserve.
  5300 | D:5      | Noticed Sigmund
  5306 | D:5      | Killed Sigmund
  5551 | D:6      | Noticed Blork the orc
  5566 | D:6      | Killed Blork the orc
  5604 | D:6      | Found a sand-covered staircase.
  5706 | Ossuary  | Entered an ossuary
  5870 | Ossuary  | Reached XP level 9. HP: 59/59 MP: 9/9
  6114 | Ossuary  | Reached **** piety under Trog
  6229 | D:6      | Reached skill level 5 in Dodging
  6229 | D:6      | Reached skill level 5 in Stealth
  6831 | D:6      | Slain by a wight

Illustrated notes

Levels and vault maps discovered:
D:1:      minmay_arrival_diagonal_passages, layout_loops_ring
D:2:      kennysheep_big_flooded_room, layout_rooms, basic_ecumenical_altar,
          serial_bayou_pond_e, minmay_indecisive_spiral
D:3:      layout_basic, nicolae_overflow_crystal_walls,
          nicolae_nh_oracle_at_delphi
D:4:      layout_loops_cross, kennysheep_mini_moat,
          mainiacjoe_overflow_alcove_1, chequers_serial_rivers_small_3
D:5:      layout_layer_cave, nicolae_gozag_zags_fifth_avenue, temple_statues,
          serial_co_window_serial, co_window_paths_a, co_window_cross_1,
          co_window_of_opportunity_a, co_window_paths_b,
          co_window_of_opportunity_a, co_window_paths_a, co_window_corner_a,
          co_window_paths_b, co_window_of_opportunity_a,
          co_window_of_opportunity_c, co_window_broadway_a,
          co_window_broadway_a, co_window_cross_2, co_window_corner_b,
          co_window_paths_d, glass_columns_c, uniq_sigmund, uniq_prince_ribbit1,
          uniq_grinder
D:6:      layout_layer_cave, grunt_dithmenos_shadows,
          nicolae_ossuary_entry_giza, st_stairs_8, minivault_4,
          uniq_blork_the_orc

Skill      XL: |  1  2  3  4  5  6  7  8  9 |
---------------+----------------------------+-----
Short Blades   | 5 6 7 8 9 10 | 10.0
Fighting       | 4 5 6 8 |  8.0
Dodging        | 4 6 |  6.1
Stealth        | 3 6 |  6.5
Armour         | |  1.5

Action                     |  1- 3 |  4- 6 |  7- 9 || total
---------------------------+-------+-------+-------++-------
  Melee: Short sword       |   121 |    56 |       ||   177
         Punch             |     1 |       |     4 ||     5
         Dagger            |       |    95 |   418 ||   513
 Invoke: Berserk           |     1 |     3 |     6 ||    10
         Trog's Hand       |       |       |     1 ||     1
    Use: Scroll            |       |     9 |     5 ||    14
   Stab: Sleeping          |    11 |    12 |    23 ||    46
 Armour: Animal skin       |    24 |    16 |       ||    40
         Leather armour    |       |       |    56 ||    56
  Dodge: Dodged            |    90 |    81 |   170 ||   341

Table legend: (Time is in decaauts)
 A = Elapsed time spent in this place.
 B = Non-inter-level travel time spent in this place.
 C = Inter-level travel time spent in this place.
 D = Time resting spent in this place.
 E = Time spent auto-exploring this place.
 F = Levels seen in this place.
 G = Mean time per level.
                   A        B        C        D        E       F      G
               +--------+--------+--------+--------+--------+-----+--------+
         Total |   6654 |   6550 |    104 |    671 |   4895 |   7 |  950.6 |
       Dungeon |   6301 |   6197 |    104 |    671 |   4710 |   6 | 1050.2 |
       Ossuary |    353 |    353 |      0 |      0 |    185 |   1 |  353.0 |
               +--------+--------+--------+--------+--------+-----+--------+

Top non-repeatable levels by time:
     D:5: 1774 daAuts
     D:3: 1211 daAuts
     D:4: 948 daAuts
     D:1: 886 daAuts
     D:6: 813 daAuts
     D:2: 666 daAuts
 Ossuary: 353 daAuts
